 Dungeon Crawl Stone Soup version 0.31.0-11-ge490571c62 (webtiles) character file.

Game seed: 8805496717641249618

2558 qw the Skirmisher (level 9, 0/40 (44) HPs)
             Began as a Spriggan Hunter on Feb 4, 2024.
             Was a Priest of Okawaru.
             Slain by a wight
             ... wielding a +3 short sword
              (5 damage)
             ... on level 7 of the Dungeon.
             The game lasted 00:00:32 (4551 turns).

qw the Skirmisher (Spriggan Hunter)                 Turns: 4551, Time: 00:00:32

HP:   0/40 (44)     AC:  7    Str:  7    XL:     9   Next: 31%
MP:   13/13         EV: 25    Int: 19    God:    Okawaru [***...]
Gold: 434           SH:  0    Dex: 22    Spells: 8/8 levels left

rFire   . . .        b - +3 orcbow "Lulutoco" {freeze, ^Fragile Will- Int+8 SInv}
rCold   . . .        (shield currently unavailable)
rNeg    . . .        c - +1 robe
rPois   .            (helmet restricted)
rElec   .            (no cloak)
rCorr   .            (gloves unavailable)
SInv    +            (boots unavailable)
Will    .....        (no amulet)
Stlth   ++           g - +4 ring of protection
HPRegen 0.26/turn    (no ring)
MPRegen 0.13/turn

%: no passive effects
@: drained, very quick
A: very small, no large weapons, unfitting armour, see invisible, speed 3
a: Renounce Religion, Heroism


You were on level 7 of the Dungeon.
You worshipped Okawaru.
Okawaru was most pleased with you.
You visited 2 branches of the dungeon, and saw 8 of its levels.

You collected 434 gold pieces.


Innate Abilities, Weirdness & Mutations

You are very small and have problems with some larger weapons.
You are too small for most types of armour.
You have supernaturally acute eyesight. (SInv)
You cover ground extremely quickly. (Speed+++)


   Skills:
 - Level 3.0 Fighting
 - Level 10.1 Ranged Weapons
 + Level 9.3 Dodging
 - Level 1.5 Stealth
 - Level 4.0 Invocations


You had 8 spell levels left.
You didn't know any spells.
Your spell library was empty.

Inventory:

Hand Weapons
 b - the +3 orcbow "Lulutoco" (weapon) {freeze, ^Fragile Will- Int+8 SInv}
   (You acquired it on level 2 of the Dungeon)

   Int+8:     It affects your intelligence (+8).
   Will-:     It decreases your willpower.
   SInv:      It lets you see invisible.
   ^Fragile:  It will be destroyed if unequipped.
Armour
 c - a +1 robe (worn)
Jewellery
 g - a +4 ring of protection (left hand)
 p - a ring of willpower
Wands
 a - a wand of quicksilver (6)
 m - a wand of mindburst (1)
 q - a wand of roots (10)
Scrolls
 e - a scroll of identify
 j - 3 scrolls of fear {unknown}
 n - a scroll of poison {unknown}
Potions
 d - a potion of cancellation {unknown}
 f - a potion of might
 h - 3 potions of enlightenment
 i - 3 potions of curing
 k - a potion of magic {unknown}
 l - a potion of brilliance {unknown}
 o - a potion of heal wounds {unknown}

Dungeon Overview and Level Annotations

Branches:
Dungeon (7/15)             Temple (1/1) D:4

Altars:
Cheibriados
Dithmenos
Elyvilon
Gozag
Hepliaklqana
Kikubaaqudgha
Makhleb
Nemelex Xobeh
Okawaru
Qazlal
Ru
Sif Muna
Trog
Vehumet
Wu Jian
Xom

Annotations:
D:7 1 runed translucent door, qw's ghost, novice DjHu


Message History

You hear a shout! x2
You shoot an arrow. The arrow hits the howler monkey!
The arrow freezes the howler monkey.
You kill the howler monkey!
Okawaru accepts your kill.
You shoot an arrow. The arrow hits the wight!
The wight is heavily damaged.
Enter note:
Enter note:
4540 ||| RETREEEEATING.
Enter note:
Enter note:
4541 ||| RETREEEEATING.
You shoot an arrow.
The arrow hits the wight but does no damage.
The wight is lightly damaged.
You shoot an arrow. The arrow closely misses the wight.
You shoot an arrow. The arrow closely misses the wight.
You shoot an arrow. The arrow hits the wight.
The wight is moderately damaged.
You shoot an arrow. The arrow hits the wight.
The wight is almost destroyed.
The wight barely misses you. The wight completely misses you.
The wight hits you from afar with a +2 halberd of freezing.
You feel drained. The wight freezes you.
You shoot an arrow. The arrow closely misses the wight.
The wight completely misses you. The wight misses you.
The wight hits you from afar with a +2 halberd of freezing!!
The wight freezes you.
You shoot an arrow. The arrow hits the wight.
The wight is almost destroyed.
The wight closely misses you. x2
You shoot an arrow. The arrow closely misses the wight.
The wight hits you with a +3 short sword.
You feel drained. The wight misses you.
You shoot an arrow. The arrow hits the wight.
You destroy the wight!
Okawaru accepts your kill.
The wight hits you with a +3 short sword.
You die...

##.## ##..........
#...####...........
###...##.##..........
####....###..#...%.....#
#.......##......?)....#
#...........##.z........
##.#.........##.z#.....##
##..##......<..##)##....#
#...#...#.......@z[......#
...##...........#...###.##
....#.....).##..#....# ...
..........####....#.......
....#.#...# ####.#.....
###.###..## #........
#..<###.# .........
##......### ##.....
###.......# ###


You could see 3 wights.

Vanquished Creatures
  2 water moccasins (D:7)
  A sky beast (D:7)
  An ice beast (D:7)
  6 black bears
  3 centaurs (D:6)
  A phantom (D:6)
  A bullfrog (D:6)
  3 scorpions
  2 wights (D:7)
  3 howler monkeys
  3 jellies (D:7)
  2 bombardier beetles (D:5)
  7 orc priests
  5 hounds
  2 sleepcaps (D:4)
  An iguana (D:6)
  3 orc wizards (D:6)
  7 gnolls (D:3)
  3 adders
  A shadow imp (D:6)
  2 ufetubi (D:6)
  A dart slug (D:3)
  4 ribbon worms
  10 orcs
  6 ball pythons
  5 bats
  5 endoplasms
  2 giant cockroaches
  8 goblins
  6 hobgoblins
  6 jackals
  4 quokkas
  2 frilled lizards
  5 kobolds
  5 rats
128 creatures vanquished.

Notes
Turn   | Place    | Note
-------+----------+-------------------------------------------
     0 | D:1      | qw the Spriggan Hunter began the quest for the Orb.
     0 | D:1      | Reached XP level 1. HP: 10/10 MP: 2/2
     0 | D:1      | 0 ||| qw: Version: 0.3-a-160-g6735b56
     0 | D:1      | 0 ||| qw: Game counter: 5466
     0 | D:1      | 0 ||| qw: Melee chars always use a shield: true
     0 | D:1      | 0 ||| qw: God list: Okawaru
     0 | D:1      | 0 ||| qw: Allow faded altars: false
     0 | D:1      | 0 ||| qw: Do Orc after clearing Dungeon:15 true
     0 | D:1      | 0 ||| qw: Do second Lair branch before Depths: true
     0 | D:1      | 0 ||| qw: Lair rune preference: random
     0 | D:1      | 0 ||| qw: Goals: Normal
     0 | D:1      | 0 ||| PLANNING D:1-11
    37 | D:1      | Reached skill level 3 in Dodging
   132 | D:1      | Reached XP level 2. HP: 14/14 MP: 3/3
   418 | D:1      | 418 ||| UPGRADING to +4 ring of protection.
   419 | D:1      | 419 ||| READING 2 scrolls labelled XUPTUH ZOKKU.
   419 | D:1      | 419 ||| ENCHANTING +0 shortbow.
   420 | D:1      | 420 ||| READING scroll of enchant weapon.
   420 | D:1      | 420 ||| ENCHANTING +1 shortbow.
   421 | D:1      | 421 ||| READING scroll labelled LUISSU UJON.
   421 | D:1      | 421 ||| IDENTIFYING smoky inky potion
   422 | D:1      | 422 ||| READING scroll labelled LIXUVU AWNATT.
   423 | D:1      | 423 ||| READING scroll labelled NANTALYCITT.
   424 | D:1      | 424 ||| DRINKING 2 black potions.
   425 | D:1      | 425 ||| DROPPING scroll of butterflies.
   450 | D:2      | Found a faded altar of an unknown god.
   516 | D:2      | 516 ||| RETREEEEATING.
   517 | D:2      | 517 ||| RETREEEEATING.
   518 | D:2      | 518 ||| RETREEEEATING.
   519 | D:2      | 519 ||| RETREEEEATING.
   520 | D:2      | 520 ||| RETREEEEATING.
   521 | D:2      | 521 ||| RETREEEEATING.
   600 | D:2      | Reached XP level 3. HP: 18/18 MP: 4/4
  1098 | D:2      | 1098 ||| DROPPING amulet of magic regeneration.
  1099 | D:2      | 1099 ||| READING 2 scrolls of identify.
  1099 | D:2      | 1099 ||| IDENTIFYING silvery potion
  1100 | D:2      | 1100 ||| READING scroll of identify.
  1100 | D:2      | 1100 ||| IDENTIFYING metallic orange potion
  1101 | D:2      | 1101 ||| READING scroll labelled ICOSUY RAMP.
  1101 | D:2      | Identified a scroll of acquirement
  1101 | D:2      | 1101 ||| ACQUIRING +3 orcbow "Lulutoco" {freeze, ^Fragile
                  | Will- Int+8 SInv}
  1101 | D:2      | Acquired the +3 orcbow "Lulutoco" {freeze, ^Fragile Will-
                  | Int+8 SInv}
  1103 | D:2      | 1103 ||| SWAPPING to +3 orcbow "Lulutoco" {freeze, ^Fragile
                  | Will- Int+8 SInv}.
  1104 | D:2      | 1104 ||| DROPPING +2 shortbow.
  1105 | D:2      | 1105 ||| DROPPING potion of berserk rage.
  1173 | D:3      | Reached skill level 5 in Ranged Weapons
  1177 | D:3      | Reached XP level 4. HP: 10/22 MP: 5/5
  1510 | D:3      | Noticed a black bear
  1517 | D:3      | 1517 ||| DRINKING potion of haste.
  1520 | D:3      | Killed a black bear
  1521 | D:3      | Reached skill level 3 in Fighting
  1521 | D:3      | Reached XP level 5. HP: 24/28 MP: 6/6
  1602 | D:3      | 1602 ||| READING scroll labelled CEGEEM MEDAS.
  1688 | D:3      | Found a shadowy altar of Dithmenos.
  2019 | D:3      | 2019 ||| READING scroll labelled YSYCWU ZOBB.
  2019 | D:3      | 2019 ||| ENCHANTING +0 robe.
  2020 | D:3      | 2020 ||| DRINKING 2 bubbling red potions.
  2156 | D:4      | Found a staircase to the Ecumenical Temple.
  2157 | D:4      | 2157 ||| PLANNING TEMPLE
  2161 | D:4      | Reached XP level 6. HP: 32/32 MP: 7/7
  2182 | Temple   | Entered the Ecumenical Temple
  2183 | Temple   | 2183 ||| PLANNING OKAWARU WORSHIP
  2210 | Temple   | Became a worshipper of Warmaster Okawaru
  2211 | Temple   | 2211 ||| PLANNING D:1-11
  2258 | D:4      | Reached skill level 6 in Ranged Weapons
  2324 | D:4      | Found an ornate altar of the Wu Jian Council.
  2635 | D:4      | 2635 ||| READING scroll of identify.
  2635 | D:4      | 2635 ||| IDENTIFYING golden potion
  2636 | D:4      | 2636 ||| READING scroll labelled SAYDDEOJUTO.
  2737 | D:4      | 2737 ||| READING scroll labelled MOKKEYT BEOMMA.
  2795 | D:4      | 2795 ||| DROPPING potion of ambrosia.
  2834 | D:5      | Entered Level 5 of the Dungeon
  2843 | D:5      | 2843 ||| ZAPPING wand of quicksilver (8) at -1,1 (black
                  | bear; floor).
  2844 | D:5      | Reached skill level 6 in Dodging
  2874 | D:5      | Found a bloodstained altar of Trog.
  2879 | D:5      | Reached * piety under Okawaru
  2880 | D:5      | Reached XP level 7. HP: 33/36 MP: 8/8
  2883 | D:5      | 2883 ||| ZAPPING wand of quicksilver (7) at -1,0 (black
                  | bear; floor).
  2884 | D:5      | Reached skill level 1 in Invocations
  3262 | D:5      | Reached skill level 7 in Ranged Weapons
  3312 | D:5      | Reached skill level 3 in Invocations
  3331 | D:5      | Reached ** piety under Okawaru
  3332 | D:5      | Reached XP level 8. HP: 40/40 MP: 11/11
  3476 | D:5      | 3476 ||| READING scroll labelled KOUDYA GAEMOP.
  3477 | D:5      | 3477 ||| READING scroll labelled BOLIMU WICE.
  3613 | D:6      | Reached skill level 8 in Ranged Weapons
  3617 | D:6      | 3617 ||| FLEEEEING.
  3990 | D:6      | Reached skill level 9 in Ranged Weapons
  4027 | D:6      | Found a sparkling altar of Nemelex Xobeh.
  4191 | D:6      | 4191 ||| READING scroll of identify.
  4191 | D:6      | 4191 ||| IDENTIFYING fizzy sapphire potion
  4192 | D:6      | 4192 ||| DROPPING potion of degeneration.
  4202 | D:7      | 4202 ||| RETREEEEATING.
  4204 | D:7      | 4204 ||| RETREEEEATING.
  4205 | D:7      | 4205 ||| RETREEEEATING.
  4216 | D:7      | Reached *** piety under Okawaru
  4217 | D:7      | Reached skill level 9 in Dodging
  4217 | D:7      | Reached XP level 9. HP: 24/44 MP: 13/13
  4427 | D:7      | Found a runed translucent door.
  4428 | D:7      | Noticed qw's ghost (novice DjHu)
  4523 | D:7      | Reached skill level 10 in Ranged Weapons
  4532 | D:7      | 4532 ||| RETREEEEATING.
  4534 | D:7      | 4534 ||| RETREEEEATING.
  4536 | D:7      | 4536 ||| RETREEEEATING.
  4540 | D:7      | 4540 ||| RETREEEEATING.
  4541 | D:7      | 4541 ||| RETREEEEATING.
  4550 | D:7      | HP: 8/42 [wight/+3 short sword (6)]
  4551 | D:7      | Slain by a wight

Levels and vault maps discovered:
D:1:      dpeg_arrival_short_road, layout_rooms, minmay_gold_behind_fungi
D:2:      layout_loops_cross, ebering_ecumenical_altar_abandoned, serial_bayou,
          serial_bayou_pond_a, serial_bayou_shore_a, serial_bayou_shore_b,
          serial_bayou_crossing
D:3:      layout_basic, mainiacjoe_overflow_alcove_1, minmay_quadrilaterals
D:4:      layout_cave_pools, nzn_wu_jian_council_hall,
          minmay_temple_entry_proselytizer
D:5:      layout_basic, trog_ov_bears_minmay
D:6:      layout_rooms, nemelex_diamond_rough_becter, minmay_diced_spiral
D:7:      cheibrodos_two_vegetables, layout_cave_pools,
          ebering_ghost_reflecting_pool, minmay_fractal_squares_diagonal_5
Temple:   nicolae_temple_hex_pool

Skill      XL: |  1  2  3  4  5  6  7  8  9 |
---------------+----------------------------+-----
Dodging        | 3 4 5 6 7 9 |  9.3
Ranged Weapons | 5 6 7 9 10 | 10.1
Fighting       | 3 |  3.0
Invocations    | 3 4 |  4.0
Stealth        | |  1.5

Action                     |  1- 3 |  4- 6 |  7- 9 || total
---------------------------+-------+-------+-------++-------
   Fire: Shortbow          |    67 |       |       ||    67
         Orcbow            |     9 |   102 |   187 ||   298
  Evoke: Wand              |       |     1 |     1 ||     2
    Use: Scroll            |     8 |     5 |     3 ||    16
         Potion            |     1 |     2 |       ||     3
 Armour: Robe              |    10 |    13 |    25 ||    48
  Dodge: Dodged            |    35 |    38 |    85 ||   158

Table legend:
 A = Non-vault XP
 B = Vault XP
 C = Vault XP percentage of total XP
 D = Non-vault monster count
 E = Vault monster count
 F = Vault count percentage of total count
                 A         B        C        D         E       F
            +---------+---------+-------+---------+---------+-------
      Total |    2962 |     763 |  20.5 |     111 |      17 |  13.3
            +---------+---------+-------+---------+---------+-------
        D:1 |      14 |       0 |   0.0 |      10 |       0 |   0.0
        D:2 |      52 |       0 |   0.0 |      21 |       0 |   0.0
        D:3 |     124 |     151 |  54.9 |      16 |       9 |  36.0
        D:4 |     151 |      41 |  21.4 |      16 |       1 |   5.9
        D:5 |     716 |     261 |  26.7 |      12 |       2 |  14.3
        D:6 |    1033 |     164 |  13.7 |      21 |       2 |   8.7
        D:7 |     872 |     146 |  14.3 |      15 |       3 |  16.7
            +---------+---------+-------+---------+---------+-------
